 Dungeon Crawl Stone Soup version 0.29.1-15-g9cfb28693d (webtiles) character file.

Game seed: 11061309020404131903

314 mezla the Ruffian (level 6, -1/62 HPs)
             Began as a Troll Berserker on Mar 2, 2023.
             Was a Believer of Trog.
             Slain by an orc warrior
             ... wielding a +0 war axe
              (6 damage)
             ... on level 6 of the Dungeon.
             The game lasted 00:11:09 (2061 turns).

mezla the Ruffian (Troll Berserker)                 Turns: 2061, Time: 00:11:10

Health: -1/62      AC:  5    Str: 26    XL:     6   Next: 19%
Magic:  1/1        EV: 10    Int:  6    God:    Trog [**....]
Gold:   175        SH:  0    Dex: 11    Spells: 5/5 levels left

rFire   . . .      SeeInvis .   p - +3 morningstar "Death Rattle" {antimagic, rC+ Int+3 Stlth+}
rCold   + . .      Faith    .   (no shield)
rNeg    . . .      Spirit   .   a - +1 animal skin
rPois   .          Reflect  .   (helmet restricted)
rElec   .          Harm     .   (no cloak)
rCorr   .          Rampage  .   (gloves unavailable)
Will    ++...                   (boots unavailable)
Stlth   ++........              (no amulet)
HPRegen 2.00/turn               (no ring)
MPRegen 0.07/turn               (no ring)

@: strong-willed, regenerating
A: large, unfitting armour, claws 3, regeneration 1, shaggy fur 1, tough skin 1
a: Renounce Religion, Berserk, Trog's Hand


You were on level 6 of the Dungeon.
You worshipped Trog.
Trog was pleased with you.
You visited 1 branch of the dungeon, and saw 6 of its levels.

You collected 175 gold pieces.

Inventory:

Hand Weapons
 p - the +3 morningstar "Death Rattle" (weapon) {antimagic, rC+ Int+3 Stlth+}
   (You found it on level 3 of the Dungeon)

   It reduces the magical energy of the wielder, and disrupts the spells and
   magical abilities of those it strikes.
   Natural abilities and divine invocations are not affected.
   Int:       It affects your intelligence (+3).
   rC:        It protects you from cold.
   Stlth:     It makes you more stealthy.
 s - a +2 mace of distortion
Armour
 a - a +1 animal skin (worn)
Wands
 r - a wand of charming (7)
Scrolls
 d - 2 scrolls of immolation
 g - 3 scrolls of identify
 j - 3 scrolls of noise
 k - a scroll of enchant weapon {unknown}
 l - a scroll of teleportation {unknown}
 n - a scroll of magic mapping {unknown}
 o - a scroll of butterflies {unknown}
 q - a scroll of silence {unknown}
Potions
 b - 2 potions of curing {unknown}
 c - 2 potions of cancellation {unknown}
 e - 2 potions of berserk rage {unknown}
 f - 4 potions of attraction
 h - a potion of resistance {unknown}
 i - 2 potions of ambrosia {unknown}
 m - a potion of degeneration {unknown}
 t - a potion of heal wounds {unknown}


   Skills:
 * Level 3.7 Fighting
 * Level 1.6 Maces & Flails
 * Level 3.6 Dodging
 - Level 4.6 Unarmed Combat


You had 5 spell levels left.
You didn't know any spells.
Your spell library was empty.

Dungeon Overview and Level Annotations

Branches:
Dungeon (7/15)
 Temple: D:4-7

Altars:
Nemelex Xobeh
Trog


Innate Abilities, Weirdness & Mutations

You are too large for most types of armour.
You have claws for hands.
Your natural rate of healing is unusually fast.
You are covered in fur. (AC +1)
You have tough skin. (AC +1)


Message History

You kill the iguana!
Trog accepts your kill.
You see here an iguana corpse.
An orc and an orc priest come into view.
The orc shouts!
You hear a shout!
The orc priest hits something but does no damage.
An orc warrior comes into view. It is wielding a +0 war axe.
The orc priest shouts!
Something hits the bush but does no damage.
The orc warrior shouts!
You see here an iguana corpse.
The orc priest invokes the aid of Beogh against you.
Beogh smites you!
The orc warrior hits the bush but does no damage.
The orc priest mumbles some strange prayers to Beogh against you.
Beogh smites you!
Something hits the bush.
The orc hits you with a +0 short sword.
The worm bites the bush but does no damage.
Your skin crawls.
You feel strong-willed. The orc barely misses you.
The worm bites the bush but does no damage.
You hit the orc but do no damage. The orc priest hits you with a +0 mace.
The orc hits you but does no damage.
The orc warrior hits you with a +0 war axe!!
The orc warrior hits you but does no damage.
The orc barely misses you. The orc priest hits you with a +0 mace.
* * * LOW HITPOINT WARNING * * *
You hit the orc priest.
The orc priest is heavily wounded.
The worm bites the bush but does no damage.
The orc hits you with a +0 short sword.
* * * LOW HITPOINT WARNING * * *
The orc priest invokes the aid of Beogh against you.
You resist with almost no effort.
The orc warrior hits you with a +0 war axe!
* * * LOW HITPOINT WARNING * * *
The orc warrior attacks as you move away!
The orc warrior hits you with a +0 war axe.
You die...
P.P.P.P .# P.P.PwP#.
PPP.PPP.#

........#
...#....#
#....# #...†#
#..oo#
#..o@#######
##.........#
#.........#
#.........#
#.........#
#.........#
#.........#####
######........#
#........#


You could see an orc warrior, a worm, an orc priest and an orc.

Vanquished Creatures
  A phantom (D:4)
  An orc priest (D:3)
  An iguana (D:6)
  Ijyb (D:3)
  2 adders (D:3)
  3 gnolls (D:2)
  An ufetubus (D:4)
  8 worms
  A dart slug (D:1)
  4 orcs
  3 bats
  6 endoplasms
  3 giant cockroaches
  7 goblins
  A hobgoblin (D:2)
  3 jackals (D:2)
  4 quokkas
  9 ball pythons
  7 frilled lizards
  5 kobolds
  9 rats
80 creatures vanquished.

Notes
Turn   | Place    | Note
-------+----------+-------------------------------------------
     0 | D:1      | mezla the Troll Berserker began the quest for the Orb.
     0 | D:1      | Reached XP level 1. HP: 22/22 MP: 0/0
   243 | D:1      | Reached XP level 2. HP: 24/29 MP: 1/1
   891 | D:2      | Reached XP level 3. HP: 34/37 MP: 2/2
   958 | D:2      | Reached ** piety under Trog
  1059 | D:2      | Found a faded altar of an unknown god.
  1138 | D:2      | Reached XP level 4. HP: 31/45 MP: 3/3
  1332 | D:3      | Reached skill level 4 in Unarmed Combat
  1382 | D:3      | Found a sparkling altar of Nemelex Xobeh.
  1405 | D:3      | Noticed a moth of wrath
  1411 | D:3      | Found a bloodstained altar of Trog.
  1449 | D:3      | Identified the +3 morningstar "Death Rattle" {antimagic,
                  | rC+ Int+3 Stlth+}
  1513 | D:3      | Reached XP level 5. HP: 53/53 MP: 4/4
  1558 | D:3      | Noticed Ijyb
  1584 | D:3      | Killed Ijyb
  1786 | D:4      | Noticed a phantom
  1797 | D:4      | Killed a phantom
  1798 | D:4      | Reached skill level 1 in Maces & Flails
  1798 | D:4      | Reached XP level 6. HP: 51/61 MP: 1/5
  2007 | D:4      | You fall into a shaft and drop 3 floors!
  2045 | D:6      | Noticed an orc warrior
  2061 | D:6      | Slain by an orc warrior

Illustrated notes

Levels and vault maps discovered:
D:1:      dpeg_arrival_round_b, layout_loops_ring, minmay_misc_feat_plants,
          bh_walls_and_bars
D:2:      layout_rooms, shapermc_ecumenical_altar_petra
D:3:      layout_rooms, tgw_trog, dancing_weapons_uskayaw,
          nemelex_xobeh_ov_fountains_minmay, minmay_pentomino_pile, uniq_ijyb
D:4:      layout_loops_ring, nicolae_wormholes
D:6:      layout_gridville, minmay_temple_entry_hall, minmay_hedge_maze,
          grunt_ministairs_12, uniq_edmund, uniq_duvessa
D:7:      layout_rooms, mainiacjoe_overflow_brackets, serial_shops, shop,
          lightli_minifort, uniq_joseph

Skill      XL: |  1  2  3  4  5 |
---------------+----------------+-----
Fighting       | 3 |  3.7
Dodging        | 3 |  3.6
Unarmed Combat | 4 |  4.6
Maces & Flails | 1 |  1.6

Action                   |  1- 3 |  4- 6 || total
-------------------------+-------+-------++-------
Melee: Unarmed           |    92 |    62 ||   154
       Punch             |     2 |     5 ||     7
       Morningstar       |       |    55 ||    55
Invok: Berserk           |     1 |     1 ||     2
       Trog's Hand       |       |     3 ||     3
  Use: Scroll            |       |     4 ||     4
Armor: Animal skin       |    51 |    28 ||    79
Dodge: Dodged            |    54 |    67 ||   121
